 Dungeon Crawl Stone Soup version 0.29-a0-378-gc08b2e8bf8 (webtiles) character file.

Game seed: 14879970366327061091

14 purpskrrrp the Poker (level 2, 0/25 HPs)
             Began as a Hill Orc Wanderer on May 4, 2022.
             Slain by Jessica
             ... wielding a +0 dagger
              (3 damage)
             ... on level 2 of the Dungeon.
             The game lasted 00:02:48 (568 turns).

purpskrrrp the Poker (Hill Orc Wanderer)             Turns: 568, Time: 00:02:48

Health: 0/25       AC:  6    Str: 16    XL:     2   Next: 41%
Magic:  2/2        EV:  9    Int: 10    God:
Gold:   92         SH:  0    Dex: 10    Spells: 1/1 levels left

rFire   . . .      SeeInvis .   a - +2 spear
rCold   . . .      Faith    .   (no shield)
rNeg    . . .      Spirit   .   c - +0 scale mail
rPois   .          Reflect  .   (no helmet)
rElec   .          Harm     .   (no cloak)
rCorr   .          Rampage  .   (no gloves)
Will    .....                   (no boots)
Stlth   ..........              (no amulet)
HPRegen 0.08/turn               (no ring)
MPRegen 0.08/turn               (no ring)

@: no status effects
A: no striking features
a: no special abilities


You were on level 2 of the Dungeon.
You visited 1 branch of the dungeon, and saw 2 of its levels.

You collected 92 gold pieces.

Inventory:

Hand Weapons
 a - a +2 spear (weapon)
 b - a +0 hand axe
Armour
 c - a +0 scale mail (worn)
Scrolls
 d - a scroll of blinking
 h - a scroll of vulnerability {unknown}
 i - a scroll of silence {unknown}
 l - a scroll of identify {unknown}
 n - a scroll of acquirement {unknown}
Potions
 e - a potion of ambrosia {unknown}
 f - 2 potions of might {unknown}
 g - a potion of heal wounds {unknown}
 j - a potion of resistance {unknown}
 k - 2 potions of brilliance {unknown}
 m - a potion of degeneration {unknown}


   Skills:
 + Level 2.9 Fighting
 + Level 1.3(3.1) Axes
 + Level 3.5(3.7) Polearms
 + Level 3.5 Armour
 + Level 1.0 Stealth


You had one spell level left.
You didn't know any spells.
Your spell library was empty.

Dungeon Overview and Level Annotations

Branches:
Dungeon (2/15)

Altars:

Shops:
D:1 [

Annotations:
D:2 Jessica


Message History

You hit the worm.
The worm is heavily wounded.
The worm barely misses you.
You hit the worm.
The worm is severely wounded.
You hit the worm.
The worm is severely wounded.
The worm bites you!
You hit the worm.
The worm is severely wounded.
The worm bites you but does no damage.
You hit the worm.
The worm is almost dead.
Jessica hits you with a +0 dagger.
You hit the worm.
You kill the worm!
You hit Jessica.
Jessica is heavily wounded.
Jessica hits you with a +0 dagger.
You barely miss Jessica.
Jessica is heavily wounded.
Jessica hits you with a +0 dagger.
You hit Jessica but do no damage. Your punch misses Jessica.
Jessica is heavily wounded.
Jessica hits you with a +0 dagger.
* * * LOW HITPOINT WARNING * * *
Jessica attacks as you move away! Jessica hits you with a +0 dagger.
* * * LOW HITPOINT WARNING * * *
You hit Jessica.
Jessica is heavily wounded.
Jessica mumbles some strange words.
Jessica seems to speed up.
You closely miss Jessica.
Jessica is heavily wounded.
Jessica hits you with a +0 dagger.
* * * LOW HITPOINT WARNING * * *
You hit Jessica.
Jessica is severely wounded.
Jessica hits you with a +0 dagger.
You die...

..# #.# #.# #.# #.#
#.# .# #.# #.##.#
#(# #.##.# #.#
#.##.# #@# #.##.#
#.#####@####.##.##
#...>.†......#...##
.........#####<....#
########## #.[..##
#.#.## #.### #.# #.#


You could see Jessica (fast).

Vanquished Creatures
  A worm (D:2)
  A dart slug (D:1)
  3 goblins (D:1)
  2 hobgoblins (D:2)
  A ball python (D:1)
  A rat (D:1)
9 creatures vanquished.

Notes
Turn   | Place    | Note
-------+----------+-------------------------------------------
     0 | D:1      | purpskrrrp the Hill Orc Wanderer began the quest for the
                  | Orb.
     0 | D:1      | purpskrrrp set off with the following items: a +2 spear, a
                  | +0 hand axe, a +0 scale mail, a scroll of blinking
     0 | D:1      | Reached XP level 1. HP: 18/18 MP: 1/1
    64 | D:1      | Found Equu's Antique Armour Boutique.
   341 | D:1      | Reached XP level 2. HP: 21/25 MP: 2/2
   554 | D:2      | Noticed Jessica
   568 | D:2      | Slain by Jessica

Illustrated notes

Levels and vault maps discovered:
D:1:      minmay_arrival_stair_chambers, layout_rooms, serial_shops,
          nicolae_diamond_shop, amcnicky_mini_corridor_feature
D:2:      layout_loops_ring, ebering_ecumenical_altar_petrified,
          minmay_lizard_pond, uniq_jessica

Action                   || total
-------------------------++-------
Melee: Spear             ||    31
  Use: Scroll            ||     1
Armor: Scale mail        ||     6
Dodge: Dodged            ||    10

Table legend: (Time is in decaauts)
 A = Elapsed time spent in this place.
 B = Non-inter-level travel time spent in this place.
 C = Inter-level travel time spent in this place.
 D = Time resting spent in this place.
 E = Time spent auto-exploring this place.
 F = Levels seen in this place.
 G = Mean time per level.
                   A        B        C        D        E       F      G
               +--------+--------+--------+--------+--------+-----+--------+
         Total |    565 |    499 |     66 |      0 |    412 |   2 |  282.5 |
       Dungeon |    565 |    499 |     66 |      0 |    412 |   2 |  282.5 |
               +--------+--------+--------+--------+--------+-----+--------+

Top non-repeatable levels by time:
     D:1: 533 daAuts
     D:2: 32 daAuts
